 Dungeon Crawl Stone Soup version 0.26.1-11-gd32895ea62 (webtiles) character file.

Game seed: 6160449454879758160

15520 H0rd4k the Martial Artist (level 12, -3/75 HPs)
             Began as an Octopode Transmuter on June 24, 2021.
             Was an Initiate of Gozag.
             Slain by a tyrant leech (16 damage)
             ... in a Gauntlet.
             The game lasted 00:34:50 (19391 turns).

H0rd4k the Martial Artist (Octopode Transmuter)    Turns: 19391, Time: 00:34:50

Health: -3/75      AC:  5    Str: 12    XL:     12   Next: 27%
Magic:  32/32      EV: 16    Int: 30    God:    Gozag
Gold:   1096       SH:  5    Dex: 12    Spells: 13/26 levels left

rFire    . . .     SeeInvis .     - Unarmed
rCold    . . .     Faith    .   (shield currently unavailable)
rNeg     + . .     Spirit   .   (helmet restricted)
rPois    +         Reflect  +   F - amulet of reflection
rElec    .         Harm     .   u - +6 ring of intelligence
rCorr    .         Rampage  .   n - ring of magical power
Will     +....     NoTele   +   q - ring of positive energy
Stlth    ++++......             g - ring of willpower
HPRegen  0.22/turn              y - +4 ring of protection
MPRegen  0.23/turn              a - ring of stealth
                                z - ring of poison resistance
                                G - +6 ring of intelligence

@: blade tentacles
A: almost no armour, stealthy swim, amphibious, 8 rings, constrict 8, camouflage
1, gelatinous body 1
a: End Transformation, Renounce Religion, Potion Petition, Call Merchant, Bribe
Branch


You were in a Gauntlet.
You worshipped Gozag.
Gozag was most pleased with you.
You had blades for tentacles.
You visited 3 branches of the dungeon, and saw 13 of its levels.
You also visited: Gauntlet.

You collected 2782 gold pieces.
You spent 664 gold pieces at shops.
You paid 1022 gold pieces to Gozag.

Inventory:

Missiles
 i - 29 poisoned darts (quivered)
Jewellery
 a - a ring of stealth (on tentacle)
 g - a ring of willpower (on tentacle)
 n - a ring of magical power (right scythe-like blade)
 q - a ring of positive energy (on tentacle)
 u - a +6 ring of intelligence (left scythe-like blade)
 y - a +4 ring of protection (on tentacle)
 z - a ring of poison resistance (on tentacle)
 F - an amulet of reflection (around mantle)
 G - a +6 ring of intelligence (on tentacle)
Wands
 f - a wand of enslavement (2)
 o - a wand of polymorph (5)
 s - a wand of flame (24)
 H - a wand of iceblast (5)
Scrolls
 d - 4 scrolls of teleportation
 h - 8 scrolls of identify
 j - a scroll of fog
 k - 2 scrolls of enchant weapon
 m - 8 scrolls of remove curse
 w - a scroll of magic mapping
 x - 2 scrolls of amnesia
 B - a scroll of enchant armour
 I - a scroll of blinking
Potions
 b - 3 potions of resistance
 c - a potion of magic
 e - a potion of mutation
 r - 2 potions of cancellation
 t - 2 potions of lignification
 A - 2 potions of flight
 C - a potion of berserk rage
 D - a potion of brilliance
 E - a potion of curing
 J - a potion of haste {unknown}
 K - a potion of might
 M - 4 potions of ambrosia
Miscellaneous
 p - a lightning rod (2/4)
 v - a condenser vane (inert)
 L - a box of beasts (inert)


   Skills:
 + Level 4.7 Fighting
 + Level 7.0 Dodging
 + Level 4.1 Stealth
 + Level 2.1 Shields
 + Level 12.3 Unarmed Combat
 + Level 7.5 Spellcasting
 + Level 7.9 Transmutations
 + Level 3.1 Ice Magic
 - Level 4.2 Poison Magic
 + Level 3.4 Evocations


You had 13 spell levels left.
You knew the following spells:

 Your Spells              Type           Power        Failure   Level
a - Beastly Appendage     Tmut           100%         9%          1
b - Spider Form           Tmut/Pois      23%          16%         3
c - Blade Hands           Tmut           28%          32%         5
d - Ice Form              Ice/Tmut       44%          32%         4

Your spell library contained the following spells:

 Spells                   Type           Power        Failure   Level
 Wereblood                Tmut           56%          10%         2


Dungeon Overview and Level Annotations

Branches:
Dungeon (10/15)            Temple (1/1) D:5            Lair (2/6) D:9
Gauntlet (1/1)
  Swamp: Lair:2-4    Shoals: Lair:2-4     Snake: Lair:2-4    Spider: Lair:2-4
    Orc: D:9-12

Altars:
Cheibriados
Dithmenos
Elyvilon
Fedhas
Gozag
Kikubaaqudgha
Makhleb
Okawaru
Ru
Sif Muna
Uskayaw
Vehumet
Wu Jian
Xom
Yredelemnul
The Shining One

Shops:
D:4 (   D:7 =   D:9 ?=   D:10 !

Annotations:
D:7 Joseph
D:9 1 exclusion
D:10 exclusion: deep elf mage Gauntlet 11 transporters, 1 runed translucent door, exclusion: orange crystal statue


Innate Abilities, Weirdness & Mutations

You cannot wear most types of armour.
You are very stealthy in the water. (Stealth+)
You are amphibious.
You can wear up to eight rings at the same time.
You can use your tentacles to constrict eight enemies at once.
Your skin changes colour to match your surroundings (Stealth+).
Your rubbery body absorbs attacks. (AC +1, EV +1)


Message History

Okay, then.
Unknown command.
Okay, then.
Unknown command.
It was a potion of ambrosia.
You are confused.
You feel invigorated.
You're too confused to move!
The tyrant leech bites you!
* * * LOW HITPOINT WARNING * * *
The tyrant leech draws strength from your injuries!
Unknown command.
Okay, then.
Unknown command.
You are too confused!
Unknown command.
You are too confused!
Unknown command.
You feel better.
You feel less invigorated. The tyrant leech bites you!
You die...
Your body crumbles into a pile of gold.

...........###########...≈#
...8.....................##
..........8.....8.....8.##
#########...............≈#
##..©####...#########...##
#C###.###...###...###...≈#
##C###..#######.w.###...##
##^...###...##.##w..#...≈#
..C##.###©8©#©!#@#..#©8.##
#^.##...#...##$+##..#...≈#
##^...#########=w.###...##
.k.##.###...###...###...≈#
######..#...#########...##
#########...............≈#
..........8.....8.....8.##
...8....................≈#
..........#≈#≈#≈#≈#≈#≈#§##


You could see a tyrant leech and 2 swamp worms.

Vanquished Creatures
  2 hydras (Lair:1)
  Erica (D:9)
  Pikel (D:6)
  An ugly thing (D:7)
  5 elephants (Lair:2)
  Maggie (D:8)
  2 black mambas
  2 cane toads (Lair:1)
  2 trolls
  2 komodo dragons (Lair:1)
  A queen bee (Lair:1)
  4 blink frogs
  4 yaks (D:7)
  A wyvern (D:10)
  A basilisk (Lair:2)
  A fire bat (D:9)
  Edmund (D:5)
  A soldier ant (D:10)
  A water moccasin (Lair:1)
  4 sky beasts
  3 orc warriors
  A black bear (D:10)
  A phantom (D:7)
  A necrophage (D:10)
  3 wolves (Lair:2)
  2 ogres (D:7)
  3 centaurs
  2 lemures (D:6)
  2 big kobolds
  5 bullfrogs
  3 gnoll sergeants
  2 wyvern skeletons
  5 scorpions
  22 killer bees (Lair:1)
  5 electric eels (D:8)
  17 wights
  A howler monkey (D:5)
  A centaur zombie (D:9)
  3 bullfrog zombies
  2 quasits
  8 orc wizards
  2 orc priests (D:6)
  12 hounds
  3 bullfrog skeletons
  3 centaur skeletons
  2 gnoll shamans (D:8)
  5 iguanas
  Ijyb (D:3)
  3 worker ants
  A killer bee zombie (D:6)
  A hound zombie (D:7)
  A hound skeleton (D:4)
  3 howler monkey zombies
  29 gnolls
  2 howler monkey skeletons (D:6)
  11 adders
  4 shadow imps
  8 white imps
  2 ufetubi
  2 oozes (D:3)
  An adder skeleton (D:8)
  3 worms
  3 dart slugs (D:1)
  4 leopard geckos
  26 orcs
  6 giant cockroaches
  5 hobgoblins
  13 jackals
  14 kobolds
  3 quokkas
  2 ball pythons
  6 bats
  9 frilled lizards
  18 goblins
  A quokka zombie (D:5)
  9 rats
  A fire vortex (D:9)
349 creatures vanquished.

Vanquished Creatures (others)
  An ogre (D:9)
  A killer bee (Lair:1)
  A kobold (D:8)
  2 fungi (Lair:2)
  28 plants
33 creatures vanquished.

Grand Total: 382 creatures vanquished

Notes
Turn   | Place    | Note
-------+----------+-------------------------------------------
     0 | D:1      | H0rd4k the Octopode Transmuter began the quest for the Orb.
     0 | D:1      | Reached XP level 1. HP: 13/13 MP: 3/3
    54 | D:1      | Reached XP level 2. HP: 18/18 MP: 5/5
   345 | D:1      | Reached skill level 1 in Stealth
   808 | D:1      | Reached XP level 3. HP: 23/23 MP: 6/6
   812 | D:1      | Learned a level 3 spell: Spider Form
  1648 | D:2      | Reached XP level 4. HP: 28/28 MP: 7/7
  1699 | D:2      | Reached skill level 1 in Poison Magic
  1761 | D:2      | Found an iron altar of Okawaru.
  1811 | D:2      | HP: 1/28 [poisoned by an adder]
  2753 | D:4      | Reached skill level 4 in Unarmed Combat
  2753 | D:4      | Reached XP level 5. HP: 14/33 MP: 1/8
  3106 | D:3      | Noticed Ijyb
  3127 | D:3      | Killed Ijyb
  3260 | D:3      | Reached XP level 6. HP: 34/38 MP: 10/10
  3494 | D:3      | Found a sacrificial altar of Ru.
  4169 | D:4      | Reached skill level 5 in Unarmed Combat
  5055 | D:4      | Found Tihiomich's Weapon Boutique.
  5077 | D:5      | Entered Level 5 of the Dungeon
  5182 | D:5      | Noticed Edmund
  5204 | D:5      | Killed Edmund
  5205 | D:5      | Reached XP level 7. HP: 38/43 MP: 9/12
  5329 | D:5      | Found a staircase to the Ecumenical Temple.
  5341 | Temple   | Entered the Ecumenical Temple
  5372 | Temple   | Became a worshipper of Gozag Ym Sagoz the Greedy
  5481 | D:5      | Found a white marble altar of Elyvilon.
  5865 | D:6      | Reached skill level 6 in Unarmed Combat
  6257 | D:6      | Reached XP level 8. HP: 19/48 MP: 8/13
  6859 | D:6      | Noticed Pikel
  7071 | D:6      | HP: 2/49 [acid (15)]
  7076 | D:6      | Killed Pikel
  7077 | D:6      | Reached skill level 7 in Unarmed Combat
  7967 | D:5      | Reached XP level 9. HP: 45/54 MP: 16/16
  8112 | D:5      | Reached skill level 5 in Transmutations
  8171 | D:5      | Learned a level 5 spell: Blade Hands
  8391 | D:7      | Found an iron altar of Okawaru.
  8440 | D:7      | Reached skill level 8 in Unarmed Combat
  8450 | D:7      | Reached skill level 5 in Spellcasting
  8992 | D:7      | Found Cuejes's Jewellery Boutique.
  9122 | D:7      | Bought a +4 ring of protection for 432 gold pieces
  9589 | D:7      | Reached skill level 9 in Unarmed Combat
  9619 | D:7      | Reached XP level 10. HP: 42/61 MP: 18/18
  9900 | D:7      | Noticed a brown ugly thing
  9916 | D:7      | Killed a brown ugly thing
 10236 | D:7      | Learned a level 4 spell: Ice Form
 10256 | D:8      | Noticed Joseph
 10295 | D:7      | Reached skill level 5 in Dodging
 10473 | D:8      | Noticed Maggie
 10480 | D:8      | HP: 3/60 [electric eel/bolt of electricity (7)]
 10483 | D:8      | HP: 1/60 [gnoll/stone (2)]
 11485 | D:8      | Reached skill level 10 in Unarmed Combat
 12423 | D:8      | Killed Maggie
 13616 | D:9      | Reached skill level 1 in Evocations
 14032 | D:9      | Found a staircase to the Lair.
 14050 | D:9      | Reached XP level 11. HP: 64/68 MP: 21/21
 14303 | D:9      | Found a basalt altar of Yredelemnul.
 14403 | D:9      | Noticed Erica
 14418 | D:9      | Killed Erica
 14561 | D:9      | Reached skill level 11 in Unarmed Combat
 14891 | D:9      | Bought a scroll of blinking for 120 gold pieces
 14891 | D:9      | Bought a scroll of magic mapping for 56 gold pieces
 15036 | D:10     | Entered Level 10 of the Dungeon
 15483 | D:10     | Reached skill level 1 in Ice Magic
 15660 | D:10     | Noticed a deep elf mage
 15888 | D:10     | Found Eloh's Distillery.
 15897 | D:10     | Bought a potion of might for 56 gold pieces
 16057 | Lair:1   | Entered Level 1 of the Lair of Beasts
 16928 | Lair:1   | Noticed a seven-headed hydra
 16935 | Lair:1   | Killed a seven-headed hydra
 16970 | Lair:1   | Noticed a four-headed hydra
 16977 | Lair:1   | Killed a four-headed hydra
 16978 | Lair:1   | Reached skill level 1 in Shields
 18423 | Lair:1   | Reached XP level 12. HP: 75/75 MP: 23/23
 18749 | Lair:2   | Reached skill level 12 in Unarmed Combat
 18806 | Lair:2   | Noticed a five-headed hydra
 18824 | Lair:2   | HP: 1/75 [elephant (19)]
 18887 | Lair:2   | Found a gate leading to a gauntlet.
 18914 | Gauntlet | Entered a Gauntlet
 18914 | Gauntlet | Found a transporter.
 19195 | Gauntlet | Found a transporter.
 19212 | Gauntlet | Found a transporter.
 19215 | Gauntlet | Found a transporter.
 19217 | Gauntlet | Noticed a dire elephant
 19225 | Gauntlet | Found a transporter.
 19245 | Gauntlet | Found a transporter.
 19248 | Gauntlet | Found a transporter.
 19252 | Gauntlet | Found a transporter.
 19275 | Gauntlet | Found a transporter.
 19276 | Gauntlet | Noticed a two-headed ogre
 19276 | Gauntlet | a death drake changed into a two-headed ogre
 19283 | Gauntlet | Found a transporter.
 19283 | Gauntlet | Found a transporter.
 19287 | Gauntlet | Found a runed translucent door.
 19291 | Gauntlet | Found a transporter.
 19297 | Gauntlet | Found a runed translucent door.
 19390 | Gauntlet | HP: 1/75 [tyrant leech (16)]
 19391 | Gauntlet | Slain by a tyrant leech

Illustrated notes

Levels and vault maps discovered:
D:1:      beargit_arrival_greenhouse, layout_loops_corners
D:2:      layout_basic, okawaru_trees_1
D:3:      kennysheep_the_goblin_king, layout_basic, serial_bayou_ford_a,
          grunt_decor_arrowhead, nicolae_ru_great_annihilating_truth
D:4:      layout_basic, serial_shops, kennysheep_mini_moat,
          hangedman_decor_clover_reticule
D:5:      layout_rooms, minmay_temple_entry_gardened_gates, basic_altar,
          uniq_edmund
D:6:      layout_gridville, serial_glass, glass_columns_c, glass_columns_b,
          uniq_pikel
D:7:      minmay_chambers_of_sixes, layout_cave_pools, serial_shops, shop,
          basic_altar
D:8:      layout_cave_pools, serial_gnoll_camp, gnoll_camp_mini_doghouse,
          gnoll_camp_huts_moat, gnoll_camp_mini_house, gnoll_camp_mini_house,
          chequers_big_river, uniq_maggie, uniq_joseph
D:9:      layout_small_grid, yredelemnul_altar_generic, lair_entry_dummy,
          hangedman_incinerator, uniq_erica
D:10:     layout_small_grid, serial_shops, shop_statue
Temple:   nicolae_temple_the_god_donut
Lair:1:   layout_roguey, special_room [special_room_bee], lemuel_fruit_tree
Lair:2:   layout_misc_corridors, gauntlet_entry_generic, patterned_corridor
Gauntlet: minmay_gauntlet_mixed_oops_all_seconds [minmay_gauntlet_arena_77_mess,
          gammafunk_gauntlet_arena_grid, minmay_gauntlet_arena_77_cramped,
          gammafunk_gauntlet_arena_mazey,
          minmay_gauntlet_arena_77_hold_the_fort,
          gammafunk_gauntlet_arena_crates, gauntlet_exit_spiral]

Skill      XL: |  1  2  3  4  5  6  7  8  9 10 11 12 |
---------------+-------------------------------------+-----
Stealth        | 1 3 4 |  4.1
Poison Magic   | 1 2 3 4 |  4.2
Unarmed Combat | 4 5 6 7 9 10 11 12 | 12.3
Transmutations | 3 4 6 7 |  7.9
Spellcasting   | 3 4 5 6 7 |  7.5
Dodging        | 3 4 5 6 7 |  7.0
Fighting       | 2 3 4 |  4.7
Evocations     | 2 3 |  3.4
Ice Magic      | 3 |  3.1
Shields        | 1 2 |  2.1

Action                   |  1- 3 |  4- 6 |  7- 9 | 10-12 || total
-------------------------+-------+-------+-------+-------++-------
Melee: Unarmed           |    90 |   139 |   299 |   564 ||  1092
       Constrict         |    23 |    23 |    18 |    34 ||    98
       Tentacles         |     7 |    19 |    23 |    21 ||    70
       Punch             |     2 |     2 |     1 |    10 ||    15
       Kick              |       |     1 |       |       ||     1
Throw: Dart              |       |       |     1 |     1 ||     2
 Cast: Spider Form       |       |     9 |    22 |    40 ||    71
       Beastly Appendage |       |     2 |       |       ||     2
       Blade Hands       |       |       |       |     8 ||     8
       Ice Form          |       |       |       |    10 ||    10
Invok: Call Merchant     |       |       |       |     2 ||     2
Evoke: Wand              |       |       |       |    35 ||    35
       Box of beasts     |       |       |       |     1 ||     1
       Condenser vane    |       |       |       |     1 ||     1
       Lightning rod     |       |       |       |     2 ||     2
  Use: Scroll            |       |     8 |       |    13 ||    21
       Potion            |       |     3 |       |     9 ||    12
 Stab: Sleeping          |    17 |    13 |     3 |     6 ||    39
       Paralysed         |       |     1 |       |       ||     1
       Distracted        |       |       |     1 |     1 ||     2
Armor: Skin              |     4 |     9 |     3 |    73 ||    89
Dodge: Dodged            |    44 |    82 |   198 |   476 ||   800
Block: Other             |       |       |       |    63 ||    63
       Reflection        |       |       |       |     1 ||     1
